 Dungeon Crawl Stone Soup version 0.31-a0-532-g28f74ba3e5 (webtiles) character file.

Game seed: 12276653552871724866

96992 Zonian the Brawler (level 16, -8/81 HPs)
             Began as an Octopode Shapeshifter on Aug 12, 2023.
             Was a High Priest of Hepliaklqana.
             Killed by divine providence
             ... invoked by Saint Roka
              (13 damage)
             ... on level 2 of the Orcish Mines on Aug 13, 2023.
             The game lasted 01:33:29 (41599 turns).

Zonian the Brawler (Octopode Shapeshifter)         Turns: 41599, Time: 01:33:47

Health: -8/81      AC: 31    Str: 30    XL:     16   Next: 18%
Magic:  24/24      EV: 18    Int: 14    God:    Hepliaklqana [*****.]
Gold:   454        SH:  5    Dex: 29    Spells: 12/15 levels left

rFire   . .          .
                       - Unarmed
rCold   + . .        (no shield)
rNeg    + . .        (helmet restricted)
rPois   ∞            n - amulet of reflection
rElec   +            j - ring of ice
rCorr   .            r - +6 ring of strength
SInv    .            t - ring of protection from fire
Will    ++...        u - ring of the Sun {rPois rF+ rC- AC+4 Dex+2}
Stlth   ++++         i - ring "Asifor" {rElec Will+ Str+6 Dex+5}
HPRegen 0.33/turn    G - ring of wizardry
MPRegen 0.19/turn    I - +6 ring of dexterity
                     M - ring "Rebud" {Ice rPois Dex+3}

%: reflection, wizardry (x1)
@: statue-form, very slow
A: slow and powerful, torment resistance 1, reduced hp, reduced essence, almost
no armour, amphibious, 8 rings, camouflage 1, (gelatinous body 1), (nimble
swimmer 1), tentacles
a: Begin Untransformation, Renounce Religion, Recall Ancestor, Ancestor
Identity, Transference, Idealise


You were on level 2 of the Orcish Mines.
You worshipped Hepliaklqana.
Hepliaklqana was extremely pleased with you.
You were a living statue of rough stone.
You visited 3 branches of the dungeon, and saw 22 of its levels.

You collected 1720 gold pieces.
You spent 1266 gold pieces at shops.

Inventory:

Missiles
 s - 3 throwing nets
Armour
 l - a +2 buckler
Jewellery
 i - the ring "Asifor" (on tentacle) {rElec Will+ Str+6 Dex+5}
   (You bought it in a shop on level 7 of the Dungeon)

   [ring of willpower]

   Str+6:     It affects your strength (+6).
   Dex+5:     It affects your dexterity (+5).
   rElec:     It insulates you from electricity.
   Will+:     It increases your willpower.
 j - a ring of ice (left tentacle)
 n - an amulet of reflection (around mantle)
 q - a ring of protection from fire
 r - a +6 ring of strength (right tentacle)
 t - a ring of protection from fire (on tentacle)
 u - the ring of the Sun (on tentacle) {rPois rF+ rC- AC+4 Dex+2}
   (You found it on level 6 of the Dungeon)

   [ring of protection]

   AC+4:      It affects your AC (+4).
   Dex+2:     It affects your dexterity (+2).
   rF+:       It protects you from fire.
   rC-:       It makes you vulnerable to cold.
   rPois:     It protects you from poison
 F - an amulet of the acrobat
 G - a ring of wizardry (on tentacle)
 I - a +6 ring of dexterity (on tentacle)
 L - a ring of fire
 M - the ring "Rebud" (on tentacle) {Ice rPois Dex+3}
   (You found it on level 10 of the Dungeon)

   [ring of ice]

   Ice:       It enhances your ice magic.
   Dex+3:     It affects your dexterity (+3).
   rF-:       It makes you vulnerable to fire.
   rC+:       It protects you from cold.
   rPois:     It protects you from poison
 U - an amulet of regeneration
 Z - a +6 ring of intelligence
Talismans
 b - a beast talisman
 c - a flux talisman
 k - a granite talisman (active)
Wands
 f - a wand of paralysis (1)
 o - a wand of flame (21)
 A - a wand of polymorph (4)
 D - a wand of light (6)
Scrolls
 d - 5 scrolls of poison
 h - 2 scrolls of teleportation
 v - 4 scrolls of enchant weapon
 z - 3 scrolls of fog
 B - 6 scrolls of revelation
 K - a scroll of acquirement {unknown}
 Q - a scroll of butterflies {unknown}
 S - a scroll of enchant armour {unknown}
 W - a scroll of fear
Potions
 a - a potion of berserk rage {unknown}
 e - 2 potions of attraction
 g - a potion of heal wounds
 m - a potion of invisibility
 w - 2 potions of magic
 x - 4 potions of curing
 C - a potion of enlightenment
 H - 2 potions of might
 O - a potion of lignification
 R - 3 potions of mutation
 V - 2 potions of ambrosia {unknown}
 X - a potion of cancellation {unknown}
 Y - 2 potions of brilliance {unknown}
Miscellaneous
 N - a box of beasts
 P - a phial of floods


   Skills:
 - Level 16.1 Fighting
 - Level 6.2 Dodging
 - Level 4.0 Stealth
 - Level 4.0 Shields
 - Level 16.2 Unarmed Combat
 - Level 11.7 Invocations
 + Level 10.6 Shapeshifting


You had 12 spell levels left.
You knew the following spells:

 Your Spells              Type           Power      Damage    Failure   Level
a - Ozocubu's Armour      Ice            0%         N/A       32%         3

Your spell library contained the following spells:

 Spells                   Type           Power      Damage    Failure   Level
 Foxfire                  Conj/Fire      0%         2x1d4     12%         1
 Slow                     Hex            0%         N/A       12%         1
 Lesser Beckoning         Tloc           0%         N/A       17%         2
 Confusing Touch          Hex            0%         N/A       32%         3
 Frozen Ramparts          Ice            0%         1d1       32%         3
 Gell's Gravitas          Tloc           0%         N/A       32%         3
 Hailstorm                Conj/Ice       0%         3d3       32%         3
 Inner Flame              Hex/Fire       0%         N/A       32%         3
 Teleport Other           Tloc           0%         N/A       32%         3
 Vampiric Draining        Necr           0%         2d6       32%         3
 Flame Wave               Conj/Fire      0%         2d4       71%         4
 Leda's Liquefaction      Hex/Erth       0%         N/A       71%         4
 Petrify                  Tmut/Erth      0%         N/A       71%         4
 Sticky Flame             Conj/Fire      0%         2d3       71%         4
 Summon Ice Beast         Ice/Summ       0%         N/A       71%         4
 Lee's Rapid Deconstruct  Erth           0%         3d4*      95%         5
 Metabolic Englaciation   Hex/Ice        0%         N/A       95%         5
 Dispersal                Tloc           0%         N/A       100%        6
 Leda's Unmaking          Conj/Erth      0%         9d1       100%        6
 Plasma Beam              Fire/Air       0%         2x1d10    100%        6
 Simulacrum               Ice/Necr       0%         N/A       100%        6
 Starburst                Conj/Fire      0%         6d3       100%        6


Dungeon Overview and Level Annotations

Branches:
Dungeon (15/15)            Temple (0/1) D:6            Lair (5/5) D:9
  Swamp (0/4) Lair:3       Spider (0/4) Lair:2        Slime (0/5) Lair:4
    Orc (2/2) D:9          Vaults (0/5) D:13         Depths (0/4) D:15
    Elf: Orc:2

Altars:
Elyvilon
Fedhas
Hepliaklqana
Nemelex Xobeh
Qazlal
Ru
Vehumet
Xom
Zin
The Shining One
Jiyva

Shops:
D:7 =   D:10 *[(   D:13 *[(?

Annotations:
D:4 2 runed translucent doors, horus123's ghost, amateur HuFi
D:8 2 transporters, justen's ghost, novice MfSh
D:12 2 transporters
D:15 2 transporters, Bustrupp's ghost, journeyman DsMo
Lair:3 exclusion: oklob plant
Lair:4 exclusion: oklob plant
Lair:5 exclusion: ice statue
Orc:1 1 runed translucent door, Mekkil's ghost, journeyman OgSh
Orc:2 Saint Roka


Innate Abilities, Weirdness & Mutations

You are a living statue of rough stone.
Your actions are slow, but your melee attacks are powerful.
You are resistant to unholy torment.
Your maximum health is decreased, since you lack skill for your form.
Your life essence is reduced to manifest your ancestor. (-10% HP)
You cannot wear most types of armour.
You are amphibious.
You can wear up to eight rings at the same time.
You are immune to poison.
Your skin changes colour to match your surroundings (Stealth+).
((Your rubbery body absorbs attacks. (AC +1, EV +1)))
((You are camouflaged when in or above water. (Stealth+)))
You have tentacles for arms and can constrict up to eight enemies at once.


Message History

The orc warrior unwields a +0 orcbow.
The orc warrior wields a +0 war axe.
The orc warrior misses you.
Saint Roka roars a battlecry!
The orcs go into a battle-frenzy! @$#@$%%@$ casts a spell at the orc warrior.
The bolt of magma hits the orc warrior!!
The orc warrior dies!
The bolt of magma hits Saint Roka!!
The orc warrior unwields a +0 short sword.
The orc warrior wields a +0 orcbow.
The orc warrior shoots an arrow.
The arrow completely misses you.
An orc priest comes into view. It is wielding a +0 club.
Saint Roka says, "Down here, you're an orc or you're nobody."
Saint Roka shoots a bolt.
The bolt hits you.
The orc warrior moves out of view.
Saint Roka mumbles some strange prayers to Beogh against you.
Beogh smites you! @$#@$%%@$ casts a spell at Saint Roka.
The bolt of magma hits Saint Roka!!
Unknown command.
Unknown command.
You see here a +0 giant spiked club.
Saint Roka invokes the aid of Beogh against you.
Beogh smites you! @$#@$%%@$ closely misses Saint Roka.
Saint Roka shoots a bolt.
The bolt closely misses @$#@$%%@$.
The bolt hits you but does no damage. @$#@$%%@$ gestures at Saint Roka while chanting.
The stone arrow hits Saint Roka!!
Saint Roka mumbles some strange prayers to Beogh against you.
Beogh smites you!
* * * LOW HITPOINT WARNING * * *
@$#@$%%@$ hits Saint Roka with a +0 quarterstaff!
You see here a +0 flail.
Saint Roka mumbles some strange prayers to Beogh against you.
Beogh smites you!
* * * LOW HITPOINT WARNING * * *
@$#@$%%@$ hits Saint Roka with a +0 quarterstaff.
The orc warrior barely misses @$#@$%%@$.
Saint Roka mumbles some strange prayers to Beogh against you.
Beogh smites you!
You die...

#...{oo ##...o.
#.....# #.
##.oo..######
...#...)..##...##
.......).##.....##
.......o##..[....##
......ooR...).)...###
..........).)8......#
..............)......
.......)##........#..
......)..##......##
......... ##...###
......... #####
....... ...#...
....#..


You could see the friendly @$#@$%%@$ the battlemage, Saint Roka (ally target)
and 2 orc warriors.

Vanquished Creatures
  Rupert (D:14)
  A juggernaut skeleton (D:15)
  Nessos (D:12)
  Snorg (Orc:2)
  Josephine (D:12)
  2 hydras
  Erolcha (D:13)
  A death knight (D:15)
  A catoblepas (D:13)
  2 boulder beetles
  A vault guard (D:13)
  Erica (D:10)
  A centaur warrior (D:15)
  Urug (Orc:1)
  5 death yaks
  Nergalle (Lair:1)
  Sonja (D:12)
  6 skeletal warriors
  2 skysharks
  A goliath frog (Lair:5)
  2 bog bodies (Lair:3)
  3 wizards (D:13)
  2 orc knights (Orc:1)
  A deep elf pyromancer (D:14)
  A stone giant zombie (D:15)
  5 manticores
  2 ugly things
  Maurice (Orc:1)
  8 cyclopes
  13 elephants
  Joseph (D:8)
  5 centaur zombies (D:11)
  3 black mambas
  3 rime drakes
  A gargoyle (D:10)
  17 cane toads
  An efreet (D:15)
  A kobold demonologist (D:10)
  3 komodo dragons
  A tengu conjurer (D:15)
  2 trolls
  Prince Ribbit (D:9)
  2 polar bears
  14 blink frogs
  A meliai zombie (D:11)
  11 slime creatures
  2 water elementals (D:14)
  4 shadows (D:11)
  3 wyverns
  9 wraiths
  4 vampires
  32 yaks
  A basilisk (shapeshifter) (D:13)
  3 basilisks
  15 humans (D:13)
  2 steam dragons (D:10)
  8 vampire mosquitoes
  2 redbacks (Lair:2)
  A warg (Orc:2)
  An acid dragon (D:13)
  16 orc warriors
  20 water moccasins
  A sky beast (D:7)
  A black bear (D:7)
  3 ice beasts (Lair:5)
  6 ogres
  13 wolves
  3 kobold brigands
  8 bullfrogs
  4 scorpions
  6 gnoll sergeants
  7 killer bees
  4 howler monkeys
  3 electric eels
  A crimson imp (D:11)
  A jelly (D:7)
  7 hounds
  12 orc priests
  2 gnoll boudas (D:10)
  2 sleepcaps
  A boggart zombie (D:11)
  4 iguanas
  14 orc wizards
  Robin (D:4)
  23 gnolls
  4 adders
  2 shadow imps (D:6)
  4 white imps
  An ufetubus (D:5)
  2 worms
  5 dart slugs
  51 orcs
  7 ball pythons
  6 endoplasms
  5 giant cockroaches
  13 goblins
  3 hobgoblins
  4 jackals (D:1)
  10 kobolds
  3 quokkas
  3 bats
  2 frilled lizards
  5 rats
517 creatures vanquished.

Vanquished Creatures (collateral kills)
  A hydra (D:13)
  2 centaur warriors
  A boulder beetle (D:14)
  A death yak (Lair:3)
  A tengu warrior (D:13)
  A titan skeleton (D:15)
  A skyshark (Lair:5)
  2 skeletal warriors (D:12)
  A golden dragon zombie (D:15)
  3 necromancers
  A wizard (D:14)
  A phantasmal warrior (D:15)
  An ugly thing (D:12)
  2 cyclopes
  An elephant (Lair:1)
  3 centaur zombies (D:11)
  2 black mambas (Lair:3)
  A gargoyle (D:14)
  6 cane toads
  2 komodo dragons
  Psyche (D:9)
  A troll (D:11)
  A polar bear (Lair:4)
  A tyrant leech (Lair:5)
  4 blink frogs
  A raiju (shapeshifter) (D:13)
  3 slime creatures
  2 shadows
  3 wyverns
  6 wraiths
  2 water elementals (D:14)
  22 yaks
  2 vampires
  A basilisk (Lair:1)
  3 humans (D:13)
  A vampire mosquito (D:12)
  3 water moccasins
  4 ice beasts (Lair:5)
  7 orc warriors
  4 sky beasts
  2 ogres
  3 wolves
  2 centaurs
  3 kobold brigands
  Blork the orc (D:4)
  3 bullfrogs
  3 gnoll sergeants
  A scorpion (D:7)
  2 killer bees (D:7)
  5 electric eels
  3 howler monkeys
  A hound (D:6)
  3 orc priests (Orc:1)
  A jelly (D:5)
  A gnoll bouda (D:6)
  An iguana (D:5)
  A sleepcap (D:5)
  5 orc wizards
  13 gnolls
  An adder (D:6)
  A shadow imp (D:8)
  3 white imps
  47 orcs
  8 kobolds
  A goblin (D:4)
221 creatures vanquished.

Vanquished Creatures (others)
  20 battlemagi
20 creatures vanquished.

Grand Total: 758 creatures vanquished

Notes
Turn   | Place    | Note
-------+----------+-------------------------------------------
     0 | D:1      | Zonian the Octopode Shapeshifter began the quest for the
                  | Orb.
     0 | D:1      | Reached XP level 1. HP: 13/13 MP: 1/1
   208 | D:1      | Reached XP level 2. HP: 17/18 MP: 2/2
   740 | D:1      | Reached XP level 3. HP: 23/23 MP: 3/3
   821 | D:2      | Found a hazy altar of Hepliaklqana.
   852 | D:2      | Became a worshipper of Hepliaklqana the Forgotten
  1408 | D:2      | Reached skill level 1 in Stealth
  1548 | D:2      | Found a faded altar of an unknown god.
  1581 | D:2      | Reached XP level 4. HP: 29/29 MP: 4/4
  1903 | D:3      | Reached * piety under Hepliaklqana
  2065 | D:4      | Noticed Blork the orc
  2098 | D:4      | Reached XP level 5. HP: 23/31 MP: 5/5
  2304 | D:4      | Found a runed translucent door.
  2341 | D:4      | Noticed horus123's ghost (amateur HuFi)
  2413 | D:4      | Reached XP level 6. HP: 23/36 MP: 6/6
  2744 | D:4      | Found a runed translucent door.
  2775 | D:4      | Killed Blork the orc
  3422 | D:4      | Noticed Robin
  3442 | D:4      | Killed Robin
  3969 | D:4      | Reached XP level 7. HP: 23/41 MP: 7/7
  4343 | D:4      | Noticed a yak
  4388 | D:4      | Noticed a yak
  4393 | D:5      | Entered Level 5 of the Dungeon
  4712 | D:5      | Reached ** piety under Hepliaklqana
  4713 | D:5      | Remembered your ancestor @$#@$%%@$ as a battlemage
  4735 | D:5      | Reached skill level 5 in Unarmed Combat
  5637 | D:4      | Noticed a yak
  5645 | D:4      | Noticed a yak
  5669 | D:3      | Killed a yak
  5670 | D:3      | Reached skill level 5 in Dodging
  5670 | D:3      | Reached XP level 8. HP: 12/48 MP: 8/8
  6492 | D:5      | Found a radiant altar of Vehumet.
  7070 | D:5      | Reached skill level 5 in Fighting
  7745 | D:6      | Found a staircase to the Ecumenical Temple.
  8647 | D:6      | Found a stormy altar of Qazlal.
  8720 | D:6      | Reached skill level 1 in Invocations
  8723 | D:6      | Reached XP level 9. HP: 39/55 MP: 9/9
  9086 | D:6      | Identified the ring of the Sun {rPois rF+ rC- AC+4 Dex+2}
  9122 | D:6      | Noticed a hornet
  9125 | D:6      | Identified the +3 sling of the Equator {heavy, rN+ Str+3
                  | Dex-2 Stlth+}
 10242 | D:7      | Reached skill level 5 in Invocations
 10258 | D:7      | Reached XP level 10. HP: 64/64 MP: 13/13
 10597 | D:7      | Found Uwim Vezu's Jewellery Shop.
 10670 | D:8      | Noticed justen's ghost (novice MfSh)
 10674 | D:8      | Found a transporter.
 10917 | D:8      | Reached *** piety under Hepliaklqana
 11476 | D:8      | Noticed Joseph
 11548 | D:8      | Found a transporter.
 12082 | D:8      | Killed Joseph
 12608 | D:9      | Found a staircase to the Lair.
 12618 | D:9      | Reached skill level 10 in Unarmed Combat
 12971 | D:9      | Noticed Psyche
 13137 | D:9      | Killed Psyche
 13265 | D:9      | Noticed Prince Ribbit
 13275 | D:9      | Killed Prince Ribbit
 13276 | D:9      | Reached skill level 10 in Fighting
 13334 | Lair:1   | Entered Level 1 of the Lair of Beasts
 13337 | Lair:1   | Reached XP level 11. HP: 72/72 MP: 14/14
 13516 | D:7      | Bought an amulet of reflection for 390 gold pieces
 14577 | D:9      | Found a sacrificial altar of Ru.
 14699 | D:9      | Found a faded altar of an unknown god.
 14705 | D:9      | Found a hazy altar of Hepliaklqana.
 14705 | D:9      | Found a faded altar of an unknown god.
 14835 | D:9      | Found a staircase to the Orcish Mines.
 15732 | Lair:1   | Noticed Nergalle
 15742 | Lair:1   | Reached **** piety under Hepliaklqana
 15983 | Lair:1   | Killed Nergalle
 16023 | Lair:1   | Reached skill level 5 in Shapeshifting
 16028 | Lair:1   | Reached XP level 12. HP: 38/81 MP: 17/17
 17811 | Lair:2   | Found a hole to the Spider Nest.
 18025 | Lair:2   | You fall into a shaft and drop 1 floor!
 18138 | Lair:3   | Reached ***** piety under Hepliaklqana
 18258 | Lair:3   | Found a blossoming altar of Fedhas.
 18491 | Lair:3   | Noticed a death yak
 18492 | Lair:3   | Noticed a death yak
 18493 | Lair:3   | Noticed a death yak
 18596 | Lair:3   | Noticed a skyshark
 18610 | Lair:3   | Killed a skyshark
 18858 | Lair:3   | Found a staircase to the Swamp.
 18869 | Lair:3   | Reached XP level 13. HP: 65/88 MP: 19/19
 20200 | Lair:2   | Reached skill level 1 in Shields
 21032 | Lair:2   | HP: 1/88 [death yak (18)]
 23225 | Lair:4   | Learned a level 3 spell: Ozocubu's Armour
 23726 | Lair:4   | Found a viscous altar of Jiyva.
 23728 | Lair:4   | Found a staircase to the Slime Pits.
 24906 | Lair:5   | Entered Level 5 of the Lair of Beasts
 25889 | Lair:5   | Reached XP level 14. HP: 67/95 MP: 21/21
 26537 | Lair:5   | Reached skill level 10 in Invocations
 28010 | D:10     | Entered Level 10 of the Dungeon
 28010 | D:10     | Found Cuophae's Armour Boutique.
 28110 | D:10     | Noticed Erica
 28119 | D:10     | Killed Erica
 28135 | D:10     | Identified the ring "Rebud" {Ice rPois Dex+3}
 28188 | D:10     | Found Aheyttut's Antique Weapon Emporium.
 28266 | D:10     | Found a sparkling altar of Nemelex Xobeh.
 28351 | D:10     | Found Oleilaunn's General Store.
 29841 | D:11     | Reached skill level 15 in Unarmed Combat
 30247 | D:12     | Found a transporter.
 30593 | D:12     | Reached skill level 15 in Fighting
 30605 | D:12     | Noticed Nessos
 30810 | D:12     | Found a transporter.
 31062 | D:12     | Noticed Josephine
 31071 | D:12     | Killed Josephine
 31270 | D:12     | Killed Nessos
 31276 | D:12     | Reached XP level 15. HP: 37/104 MP: 22/22
 31574 | D:12     | Noticed Sonja
 31588 | D:12     | Killed Sonja
 32194 | D:7      | Bought the ring "Asifor" {rElec Will+ Str+6 Dex+5} for 807
                  | gold pieces
 32353 | D:13     | Found Gasol's Weapon Shoppe.
 32399 | D:13     | Noticed Erolcha
 32404 | D:13     | Killed Erolcha
 32871 | D:13     | Found Tufel's Armour Shop.
 32871 | D:13     | Found Inucouj's Assorted Antiques.
 32881 | D:13     | Bought a fizzy dark potion for 27 gold pieces
 33037 | D:13     | Found Biucwaj's Magic Scroll Shoppe.
 33040 | D:13     | Bought a scroll of teleportation for 42 gold pieces
 33337 | D:13     | Found a gate to the Vaults.
 36179 | D:14     | Noticed Rupert
 36187 | D:14     | Killed Rupert
 37106 | D:15     | Entered Level 15 of the Dungeon
 37153 | D:15     | Found a staircase to the Depths.
 37621 | D:15     | HP: 3/105 [stone giant zombie (24)]
 38682 | D:15     | Found a transporter.
 38682 | D:15     | Found a transporter.
 38703 | D:15     | Noticed Bustrupp's ghost (journeyman DsMo)
 38773 | D:15     | Reached XP level 16. HP: 30/111 MP: 24/24
 39277 | D:15     | Found a glowing silver altar of Zin.
 39277 | D:15     | Found a glowing golden altar of the Shining One.
 39277 | D:15     | Found a white marble altar of Elyvilon.
 40061 | Orc:1    | Entered Level 1 of the Orcish Mines
 40065 | Orc:1    | Reached skill level 10 in Shapeshifting
 40387 | Orc:1    | Found a runed translucent door.
 40387 | Orc:1    | Noticed Urug
 40390 | Orc:1    | Found a shimmering altar of Xom.
 40390 | Orc:1    | Noticed Mekkil's ghost (journeyman OgSh)
 40394 | Orc:1    | Killed Urug
 40400 | Orc:1    | Noticed Maurice
 40404 | Orc:1    | Killed Maurice
 40460 | Orc:1    | Reached ****** piety under Hepliaklqana
 40832 | Orc:2    | Entered Level 2 of the Orcish Mines
 40835 | Orc:2    | Noticed Snorg
 41151 | Orc:2    | Killed Snorg
 41153 | Orc:2    | Noticed Saint Roka
 41599 | Orc:2    | Killed from afar by Saint Roka

Illustrated notes

Levels and vault maps discovered:
D:1:      dpeg_arrival_rooms_b, layout_loops_ring
D:2:      layout_basic, basic_altar, dilly_ecumenical_altar_fadedgnrine
D:3:      layout_rooms
D:4:      layout_loops_corners, ebering_ghost_sewer_f, uniq_robin,
          uniq_blork_the_orc
D:5:      layout_cave_pods, mainiacjoe_overflow_brackets
D:6:      layout_gridville, nicolae_qazlal_eye_of_the_storm,
          minmay_temple_entry_statues, st_stairs_11, nicolae_fountain_basement
D:7:      layout_loops_ring, serial_shops, nicolae_lakefront_shop
D:8:      layout_basic, gammafunk_ghost_smash, patterned_corridor, uniq_joseph
D:9:      layout_irregular_city, nicolae_hepliaklqana_ecumenical_no_more,
          nicolae_ru_the_path_less_chosen, hellmonk_lair_entry_icy,
          kennysheep_orc_monster_closet_entryway, uniq_psyche,
          uniq_prince_ribbit1
D:10:     layout_cave_pools, mainiacjoe_overflow_24_doors, serial_gnoll_camp,
          gnoll_camp_mini_hut, gnoll_camp_mini_doghouse, gnoll_camp_mini_hut,
          gnoll_camp_mini_hut, gnoll_camp_mini_house, gnoll_camp_mini_sergeant,
          serial_shops, shop, nicolae_shop_window_shopping,
          nicolae_shop_tiny_waterfront, uniq_erica
D:11:     layout_long_grid, serial_undead, serial_undead_f, serial_undead_d,
          serial_undead_c, serial_undead_b, serial_undead_e, serial_undead_c,
          serial_undead_a, serial_undead_f, serial_undead_f, serial_undead_b,
          minmay_fire_ice_demons
D:12:     gammafunk_cloud_chamber, layout_irregular_city, uniq_nessos,
          uniq_josephine, uniq_sonja
D:13:     layout_roguey, grunt_vaults_entry_tiered, serial_shops, shop,
          nicolae_shop_rolled_up, shop, shop, uniq_erolcha
D:14:     cheibrodos_fzero, layout_basic, chequers_serial_rivers_large_b,
          special_room [special_room_orc], uniq_rupert
D:15:     gammafunk_depths_entry_grave, layout_loops_cross,
          gammafunk_ghost_hive, good_gods_mini_temple, gauntlet_entry_generic
Lair:1:   layout_regular_city, grunt_megastairs_2, uniq_nergalle
Lair:2:   layout_layer_cave, spider_nest_entry_webs
Lair:3:   layout_chaotic_city, skrybe_swamp_entry_bodies, basic_altar
Lair:4:   layout_loops_ring, dpeg_slime_entry_corner, minmay_lair_oklob_bushes,
          infiniplex_staircase_pool
Lair:5:   minmay_lair_end_frog_pond, layout_cave_shapes,
          chequers_serial_rivers_marsh, minivault_27, ice2_lemuel
Orc:1:    layout_diamond_mine, ebering_ghost_xom, uniq_maurice, uniq_urug
Orc:2:    pubby_orc_utopia, uniq_saint_roka, uniq_snorg

Skill      XL: |  1  2  3  4  5  6  7  8  9 10 11 12 13 14 15 16 |
---------------+-------------------------------------------------+-----
Stealth        | 1 2 3 4 |  4.0
Fighting       | 2 3 4 6 7 10 11 12 13 15 16 | 16.1
Dodging        | 3 4 5 6 |  6.2
Unarmed Combat | 4 5 6 8 10 11 12 13 15 16 | 16.2
Invocations    | 1 5 7 8 9 10 11 | 11.7
Shapeshifting  | 5 7 8 9 10 | 10.6
Shields        | 4 |  4.0

Action                     |  1- 3 |  4- 6 |  7- 9 | 10-12 | 13-15 | 16-18 || total
---------------------------+-------+-------+-------+-------+-------+-------++-------
  Melee: Unarmed           |    59 |    81 |   125 |   325 |   787 |    72 ||  1449
         Tentacles         |    16 |    18 |    34 |    81 |   285 |    17 ||   451
         Constrict         |    16 |    24 |    32 |    48 |   122 |    17 ||   259
         Dagger            |     1 |       |       |       |       |       ||     1
         Punch             |     1 |     1 |    11 |    26 |    47 |     7 ||    93
 Invoke: Recall Ancestor   |       |     1 |     1 |     3 |     5 |     1 ||    11
         Ancestor Identity |       |     1 |       |       |       |       ||     1
         Ancestor Life: Ba |       |       |     1 |       |       |       ||     1
         Idealise          |       |       |       |       |     3 |       ||     3
Ability: Begin Untransform |       |       |       |       |     1 |     1 ||     2
  Evoke: Wand              |       |       |       |     3 |     8 |       ||    11
         Phial of floods   |       |       |       |       |     1 |       ||     1
    Use: Potion            |       |     1 |       |     3 |     8 |       ||    12
         Scroll            |       |       |    10 |    11 |    15 |     1 ||    37
   Stab: Sleeping          |    12 |     8 |     5 |     7 |    16 |       ||    48
         Distracted        |       |       |     3 |     3 |    19 |     2 ||    27
 Armour: Skin              |     4 |     5 |    13 |    69 |    78 |    33 ||   202
  Dodge: Dodged            |    29 |    32 |    87 |   184 |   364 |    83 ||   779
  Block: Other             |       |       |       |    40 |    66 |    20 ||   126
         Reflection        |       |       |       |     3 |     5 |     2 ||    10
         Buckler           |       |       |       |       |   163 |    23 ||   186
   Form: Flux              |       |       |       |       |     1 |       ||     1
         Statue            |       |       |       |       |       |     1 ||     1

Table legend: (Time is in decaauts)
 A = Elapsed time spent in this place.
 B = Non-inter-level travel time spent in this place.
 C = Inter-level travel time spent in this place.
 D = Time resting spent in this place.
 E = Time spent auto-exploring this place.
 F = Levels seen in this place.
 G = Mean time per level.
                   A        B        C        D        E       F      G
               +--------+--------+--------+--------+--------+-----+--------+
         Total |  42171 |  40558 |   1613 |  22701 |  11801 |  22 | 1916.9 |
       Dungeon |  27558 |  26331 |   1227 |  13867 |   8591 |  15 | 1837.2 |
          Lair |  12747 |  12514 |    233 |   7775 |   2823 |   5 | 2549.4 |
  Orcish Mines |   1865 |   1713 |    152 |   1059 |    387 |   2 |  932.5 |
               +--------+--------+--------+--------+--------+-----+--------+

Top non-repeatable levels by time:
     D:4: 3469 daAuts
  Lair:4: 3418 daAuts
    D:13: 3211 daAuts
  Lair:1: 3200 daAuts
  Lair:2: 2742 daAuts
    D:14: 2527 daAuts
     D:9: 2427 daAuts
    D:15: 2119 daAuts
     D:7: 1945 daAuts
     D:8: 1894 daAuts
   Orc:1: 1799 daAuts
    D:11: 1747 daAuts
  Lair:3: 1695 daAuts
  Lair:5: 1690 daAuts
     D:5: 1632 daAuts
